 Dungeon Crawl Stone Soup version 0.31.0-32-g396128a36d (webtiles) character file.

Game seed: 6459948004159222341

93 Logoto the Chopper (level 4, -2/41 HPs)
             Began as a Hill Orc Berserker on Apr 4, 2024.
             Was a Follower of Trog.
             Slain by Grinder (5 damage)
             ... on level 3 of the Dungeon.
             The game lasted 00:04:20 (2284 turns).

Logoto the Chopper (Hill Orc Berserker)             Turns: 2284, Time: 00:04:21

Health: -2/41      AC: 11    Str: 21    XL:     4   Next: 61%
Magic:  4/4        EV:  8    Int:  7    God:    Trog [*.....]
Gold:   30         SH:  0    Dex: 10    Spells: 3/3 levels left

rFire   . . .        a - +0 hand axe
rCold   . . .        (no shield)
rNeg    . . .        j - +0 chain mail
rPois   .            e - +0 helmet
rElec   .            i - +0 cloak
rCorr   .            (no gloves)
SInv    .            (no boots)
Will    .....        (no amulet) Stlth
                     (no ring)
HPRegen 0.26/turn    (no ring)
MPRegen 0.09/turn

%: no passive effects
@: on berserk cooldown, slowed, very slow
A: no striking features
a: Renounce Religion, Berserk


You were on level 3 of the Dungeon.
You worshipped Trog.
Trog was aware of your devotion.
You visited 1 branch of the dungeon, and saw 3 of its levels.

You collected 30 gold pieces.

Inventory:

Hand Weapons
 a - a +0 hand axe (weapon)
Missiles
 d - 2 darts of dispersal (quivered)
Armour
 e - a +0 helmet (worn)
 i - a +0 cloak (worn)
 j - a +0 chain mail (worn)
Scrolls
 b - a scroll of noise {unknown}
 f - a scroll of poison {unknown}
 g - 3 scrolls of teleportation
 k - a scroll of acquirement {unknown}
 l - a scroll of identify {unknown}
Potions
 c - 2 potions of curing {unknown}
 h - 2 potions of attraction {unknown}


   Skills:
 + Level 4.6 Fighting
 + Level 5.8 Axes
 + Level 2.3 Armour
 + Level 1.7 Dodging
 + Level 0.2 Stealth


You had 3 spell levels left.
You didn't know any spells.
Your spell library was empty.

Dungeon Overview and Level Annotations

Branches:
Dungeon (3/15)

Altars:

Annotations:
D:3 Grinder


Message History

Grinder hits you.
You writhe in agony.
Grinder hits you.
You writhe in agony.
You hit Grinder.
Grinder is severely wounded.
Grinder hits you.
You writhe in agony.
You barely miss Grinder.
Grinder is severely wounded.
Grinder hits you but does no damage.
Grinder says, "I used to sell toenails on the black market."
Grinder hits you but does no damage.
You hit Grinder.
Grinder is severely wounded.
Grinder closely misses you.
You completely miss Grinder.
Grinder is severely wounded.
Grinder hits you but does no damage. x2
You closely miss Grinder.
Grinder is severely wounded.
Grinder gestures at you.
You suddenly lose the ability to move!
Grinder hits you but does no damage.
You can move again.
You barely miss Grinder.
Grinder is severely wounded.
Grinder hits you but does no damage. Grinder gestures at you.
Pain shoots through your body!
* * * LOW HITPOINT WARNING * * *
You hit Grinder but do no damage.
Grinder is severely wounded.
Grinder gestures at you. You resist with significant effort.
You closely miss Grinder.
Grinder is severely wounded.
Grinder hits you but does no damage. Grinder hits you.
* * * LOW HITPOINT WARNING * * *
You writhe in agony.
* * * LOW HITPOINT WARNING * * *
Grinder hits you.
You die...
Grinder says, "Now the real fun starts!"

##..###
......#
.......
.......
#.....#####.#
#.####......#
#.##...######
##.#..###
##.@5.######
#............
#####.#######
#.# #.# ...
... ...# ...


You could see Grinder.

Vanquished Creatures
  Terence (D:2)
  3 adders (D:2)
  A ribbon worm (D:2)
  5 ball pythons
  2 bats (D:1)
  2 endoplasms (D:1)
  A giant cockroach (D:1)
  3 goblins
  4 hobgoblins
  4 jackals (D:1)
  3 kobolds (D:1)
  2 quokkas
  3 frilled lizards
  3 rats
37 creatures vanquished.

Notes
Turn   | Place    | Note
-------+----------+-------------------------------------------
     0 | D:1      | Logoto the Hill Orc Berserker began the quest for the Orb.
     0 | D:1      | Reached XP level 1. HP: 19/19 MP: 1/1
   145 | D:1      | Reached XP level 2. HP: 26/27 MP: 2/2
   612 | D:1      | Reached XP level 3. HP: 30/33 MP: 3/3
   759 | D:1      | Reached skill level 5 in Axes
  1369 | D:2      | Found a faded altar of an unknown god.
  1417 | D:2      | Reached ** piety under Trog
  1453 | D:2      | Noticed Terence
  1460 | D:2      | Killed Terence
  1461 | D:2      | Reached XP level 4. HP: 40/40 MP: 4/4
  2246 | D:3      | Noticed Grinder
  2246 | D:3      | Paralysed by Grinder for 3 turns
  2256 | D:3      | Paralysed by Grinder for 4 turns
  2279 | D:3      | Paralysed by Grinder for 2 turns
  2283 | D:3      | HP: 2/41 [Grinder (6)]
  2284 | D:3      | Slain by Grinder

Illustrated notes

Levels and vault maps discovered:
D:1:      co_arrival_square_in_a_square_in_a_square, layout_loops_corners,
          minmay_hedge_maze
D:2:      layout_loops_corners, shapermc_ecumenical_altar_venn, uniq_terence
D:3:      minmay_chambers_of_threes, layout_rooms, serial_shops,
          nicolae_shop_trees, nicolae_shop_gibbet_a_chance, shop, uniq_jessica,
          uniq_sigmund, uniq_grinder, uniq_ijyb

Skill      XL: |  1  2  3 |
---------------+----------+-----
Fighting       | 4 |  4.6
Axes           | 5 |  5.8
Armour         | |  2.3
Dodging        | |  1.7
Stealth        | |  0.2

Action                     |  1- 3 |  4- 6 || total
---------------------------+-------+-------++-------
  Melee: Hand axe          |    80 |    44 ||   124
 Invoke: Berserk           |     1 |     2 ||     3
    Use: Scroll            |       |     1 ||     1
   Stab: Sleeping          |     1 |       ||     1
 Armour: Animal skin       |    33 |       ||    33
         Chain mail        |     3 |    42 ||    45
  Dodge: Dodged            |    46 |    14 ||    60
